 Dungeon Crawl Stone Soup version 0.29-a0-330-g52719c12eb (webtiles) character file.

Game seed: 14097630411739661717

422 kae the Firebug (level 6, -2/45 HPs)
             Began as a Demigod Fire Elementalist on May 20, 2022.
             Slain by a water moccasin (7 damage)
             ... on level 5 of the Dungeon.
             The game lasted 00:03:22 (4857 turns).

kae the Firebug (Demigod Fire Elementalist)         Turns: 4857, Time: 00:03:23

Health: -2/45      AC:  7    Str: 15    XL:     6   Next: 35%
Magic:  0/13       EV: 11    Int: 31    God:
Gold:   12         SH:  0    Dex: 14    Spells: 4/10 levels left

rFire   . . .      SeeInvis .   j - +0 whip (elec)
rCold   . . .      Faith    .   (no shield)
rNeg    . . .      Spirit   .   d - +2 leather armour {Will+}
rPois   .          Reflect  .   t - +1 helmet
rElec   .          Harm     .   (no cloak)
rCorr   .          Rampage  .   (no gloves)
Will    +....                   (no boots)
Stlth   ++........              (no amulet)
HPRegen 0.15/turn               g - +6 ring of strength
MPRegen 0.13/turn               n - +6 ring of intelligence

@: mighty, brilliant, lethally poisoned (-2 -> -10), attractive
A: high MP 1, forlorn, divine attributes
a: no special abilities


You were on level 5 of the Dungeon.
You visited 1 branch of the dungeon, and saw 5 of its levels.

You collected 159 gold pieces.
You spent 147 gold pieces at shops.

Inventory:

Hand Weapons
 j - a +0 whip of electrocution (weapon)
Missiles
 f - a throwing net
Armour
 a - a +0 robe
 d - a +2 leather armour of willpower (worn)
 t - a +1 helmet (worn)
Jewellery
 g - a +6 ring of strength (left hand)
 n - a +6 ring of intelligence (right hand)
Wands
 m - a wand of digging (9)
Scrolls
 i - 2 scrolls of identify
 l - 4 scrolls of teleportation
 q - a scroll of enchant weapon {unknown}
 s - a scroll of enchant armour {unknown}
Potions
 b - 3 potions of magic
 c - 2 potions of flight
 e - a potion of curing
 h - 3 potions of brilliance


   Skills:
 + Level 1.8 Armour
 - Level 1.7 Dodging
 - Level 1.7 Stealth
 + Level 2.9 Spellcasting
 * Level 3.8 Conjurations
 * Level 4.5 Fire Magic


You had 4 spell levels left.
You knew the following spells:

 Your Spells              Type           Power      Damage    Failure   Level
a - Foxfire               Conj/Fire      100%       2x1d9     1%          1
b - Scorch                Fire           96%        2d9       1%          2
c - Conjure Flame         Conj/Fire      45%        6-21      4%          3

Your spell library contained the following spells:

 Spells                   Type           Power      Damage    Failure   Level
 Animate Skeleton         Necr           12%        N/A       9%          1
 Apportation              Tloc           12%        N/A       9%          1
 Sting                    Tmut/Pois      24%        1d4       9%          1
 Summon Small Mammal      Summ           24%        N/A       9%          1
 Inner Flame              Hex/Fire       27%        N/A       10%         3
 Mephitic Cloud           Conj/Pois/Air  18%        N/A       14%         3
 Flame Wave               Conj/Fire      45%        2d10      16%         4
 Swiftness                Air            6%         N/A       26%         3
 Olgreb's Toxic Radiance  Pois           6%         N/A       63%         4
 Summon Lightning Spire   Summ/Air       6%         N/A       63%         4
 Ozocubu's Refrigeration  Ice            3%         4d5       100%        7
 Ignition                 Fire           24%        3d8       100%        8


Dungeon Overview and Level Annotations

Branches:
Dungeon (5/15)
 Temple: D:4-7

Shops:
D:4 *

Annotations:
D:4 4 runed translucent doors, Crazy Yiuf; QuickerDeath's ghost, novice HuTm


Innate Abilities, Weirdness & Mutations

You have an increased reservoir of magic. (+10% MP)
You shall have no god before yourself.
Your divine heritage dramatically boosts your attributes as you level up.


Message History

The water moccasin is attracted toward you.
Casting: Foxfire (safe; 1% risk of failure)
Confirm with . or Enter, or press ? or * to list all spells.
You feel a surge of power!
You conjure some foxfire!
The water moccasin hisses angrily.
The water moccasin is attracted toward you.
The foxfire hits the water moccasin but does no damage.
The foxfire hits the water moccasin.
The water moccasin is moderately wounded.
The water moccasin bites you but does no damage.
Casting: Foxfire (safe; 1% risk of failure)
Confirm with . or Enter, or press ? or * to list all spells.
You feel a surge of power!
You conjure some foxfire!
The water moccasin bites you but does no damage.
The water moccasin bites you.
You are lethally poisoned!
The water moccasin poisons you!
You hear the slow rusting of a very distant drain.
* * * LOW HITPOINT WARNING * * *
You feel very sick.
The foxfire hits the water moccasin!
The water moccasin is heavily wounded.
The foxfire hits the water moccasin!
The water moccasin is severely wounded.
The water moccasin misses you.
Casting: Foxfire (safe; 1% risk of failure)
Confirm with . or Enter, or press ? or * to list all spells.
You feel a surge of power!
You conjure some foxfire!
* * * LOW HITPOINT WARNING * * *
You feel very sick. The water moccasin bites you.
* * * LOW HITPOINT WARNING * * *
The water moccasin bites you but does no damage.
* * * LOW HITPOINT WARNING * * *
You feel sick.
The foxfire hits the water moccasin.
The water moccasin is almost dead.
The foxfire hits the water moccasin.
The water moccasin is almost dead.
The water moccasin bites you!
You die...

*###########
**..........##
**,...........##
*******,,......S@....#
*,,,,,*,,............#
,,,,,,,,,............#
,,,,,,,,,............#
,,,,,,,,,............#
,,,,,,,,,...........##
,,,,,,,,,..........##
,,,,,,,,,.....######
,,,,,,,,,,,,,**


You could see a water moccasin.

Vanquished Creatures
  A phantom (D:5)
  Blork the orc (D:4)
  An orc priest (D:5)
  A hound (D:4)
  An iguana (D:4)
  5 gnolls
  4 adders
  A worm (D:2)
  2 dart slugs (D:2)
  9 orcs
  9 endoplasms
  2 giant cockroaches (D:2)
  2 goblins (D:1)
  14 hobgoblins
  3 jackals (D:1)
  8 quokkas
  12 ball pythons
  5 bats
  4 frilled lizards
  12 kobolds
  5 rats
102 creatures vanquished.

Vanquished Creatures (others)
  324 foxfires
324 creatures vanquished.

Grand Total: 426 creatures vanquished

Notes
Turn   | Place    | Note
-------+----------+-------------------------------------------
     0 | D:1      | kae the Demigod Fire Elementalist began the quest for the
                  | Orb.
     0 | D:1      | Reached XP level 1. HP: 14/14 MP: 5/5
   134 | D:1      | Reached skill level 1 in Conjurations
   327 | D:1      | Reached XP level 2. HP: 20/20 MP: 1/7
   330 | D:1      | Learned a level 2 spell: Scorch
   422 | D:1      | Reached skill level 3 in Fire Magic
  1011 | D:1      | You fall into a shaft and drop 1 floor!
  1268 | D:1      | Reached XP level 3. HP: 24/26 MP: 2/8
  1993 | D:2      | Got the Disquisition on Air and Contamination
  2451 | D:3      | Reached XP level 4. HP: 33/33 MP: 8/10
  3566 | D:4      | Noticed Blork the orc
  3580 | D:4      | Killed Blork the orc
  3581 | D:4      | Reached skill level 1 in Armour
  3581 | D:4      | Reached XP level 5. HP: 19/38 MP: 4/11
  3585 | D:4      | Learned a level 3 spell: Conjure Flame
  3642 | D:4      | Reached skill level 4 in Fire Magic
  3787 | D:4      | Found a runed translucent gate.
  3787 | D:4      | Found a runed translucent gate.
  3787 | D:4      | Found a runed translucent gate.
  3789 | D:4      | Noticed a water moccasin
  3791 | D:4      | Noticed QuickerDeath's ghost (novice HuTm)
  4109 | D:4      | Found Vios's Assorted Antiques.
  4119 | D:4      | Bought a metallic ruby potion for 27 gold pieces
  4119 | D:4      | Bought a smoky brown potion for 27 gold pieces
  4119 | D:4      | Bought a scroll of teleportation for 93 gold pieces
  4554 | D:4      | Found a runed translucent door.
  4555 | D:4      | Noticed Crazy Yiuf
  4704 | D:5      | Entered Level 5 of the Dungeon
  4713 | D:5      | Reached XP level 6. HP: 45/45 MP: 5/13
  4851 | D:5      | Noticed a water moccasin
  4857 | D:5      | Slain by a water moccasin

Illustrated notes

Levels and vault maps discovered:
D:1:      dpeg_arrival_chambers_temple_mockup, layout_basic
D:2:      layout_rooms, nicolae_ecumenical_snake_handling
D:3:      layout_loops_ring
D:4:      layout_basic, mainiacjoe_overflow_catwalk, ebering_ghost_gozag,
          serial_shops, nicolae_lakefront_shop, uniq_crazy_yiuf_cottage,
          uniq_blork_the_orc
D:5:      layout_rooms, lemuel_crystal_altar, portal_sewer_entry_e

Skill      XL: |  1  2  3  4  5 |
---------------+----------------+-----
Conjurations   | 1 2 3 |  3.8
Fire Magic     | 3 4 |  4.5
Spellcasting   | 2 |  2.9
Armour         | 1 |  1.8
Dodging        | |  1.7
Stealth        | |  1.7

Action                   |  1- 3 |  4- 6 || total
-------------------------+-------+-------++-------
Melee: Unarmed           |     6 |     4 ||    10
       Whip              |       |     1 ||     1
 Cast: Foxfire           |   105 |    81 ||   186
       Scorch            |     7 |    16 ||    23
  Use: Scroll            |     4 |     6 ||    10
       Potion            |       |     5 ||     5
Armor: Robe              |     2 |       ||     2
       Leather armour    |     3 |    24 ||    27
Dodge: Dodged            |    23 |    34 ||    57

Table legend: (Time is in decaauts)
 A = Elapsed time spent in this place.
 B = Non-inter-level travel time spent in this place.
 C = Inter-level travel time spent in this place.
 D = Time resting spent in this place.
 E = Time spent auto-exploring this place.
 F = Levels seen in this place.
 G = Mean time per level.
                   A        B        C        D        E       F      G
               +--------+--------+--------+--------+--------+-----+--------+
         Total |   4855 |   4710 |    145 |     82 |   3892 |   5 |  971.0 |
       Dungeon |   4855 |   4710 |    145 |     82 |   3892 |   5 |  971.0 |
               +--------+--------+--------+--------+--------+-----+--------+

Top non-repeatable levels by time:
     D:1: 1477 daAuts
     D:3: 1200 daAuts
     D:4: 1137 daAuts
     D:2: 888 daAuts
     D:5: 152 daAuts
